 Dungeon Crawl Stone Soup version 0.27-a0-1579-g97d2440 (webtiles) character file.

Game seed: 5669307193400481132

1868 Think the Slicer (level 9, -1/57 HPs)
             Began as an Octopode Fighter on July 17, 2021.
             Was a Follower of Okawaru.
             Shot with an arrow by a centaur (13 damage)
             ... on level 6 of the Dungeon.
             The game lasted 00:18:48 (6135 turns).

Think the Slicer (Octopode Fighter)                 Turns: 6135, Time: 00:18:49

Health: -1/57      AC:  1    Str: 15    XL:     9   Next: 13%
Magic:  3/9        EV: 11    Int: 14    God:    Okawaru [*.....]
Gold:   302        SH: 14    Dex: 11    Spells: 6/8 levels left

rFire    . . .     SeeInvis .   o - +2 dagger (speed)
rCold    . . .     Faith    .   b - +0 kite shield
rNeg     . . .     Spirit   .   (helmet restricted)
rPois    .         Reflect  +   g - amulet of reflection
rElec    .         Harm     .   (no ring)
rCorr    .         Rampage  .   (no ring)
Will     .....                  (no ring)
Stlth    +++.......             (no ring)
HPRegen  0.19/turn              (no ring)
MPRegen  0.11/turn              (no ring)
                                (no ring)
                                (no ring)

@: very slightly contaminated
A: almost no armour, amphibious, 8 rings, camouflage 1, gelatinous body 1,
(nimble swimmer 1), tentacles
a: Renounce Religion, Heroism


You were on level 6 of the Dungeon.
You worshipped Okawaru.
Okawaru was aware of your devotion.
You visited 2 branches of the dungeon, and saw 7 of its levels.

You collected 302 gold pieces.

Inventory:

Hand Weapons
 a - a +0 rapier
 e - a +2 flail of protection
 f - a +2 vampiric dagger
 o - a +2 dagger of speed (weapon)
Armour
 b - a +0 kite shield (worn)
Jewellery
 g - an amulet of reflection (around mantle)
 q - a ring of ice
 r - an amulet of faith
 s - a ring of ice
Wands
 c - a wand of polymorph (2)
Scrolls
 h - 6 scrolls of identify
 i - 2 scrolls of enchant armour {unknown}
 j - 2 scrolls of vulnerability {unknown}
 l - 2 scrolls of blinking
 m - 2 scrolls of amnesia {unknown}
Potions
 d - a potion of haste
 k - a potion of heal wounds
 n - a potion of degeneration {unknown}
 p - a potion of attraction {unknown}


   Skills:
 - Level 3.2 Fighting
 + Level 9.6 Short Blades
 - Level 3.1 Dodging
 + Level 1.9 Stealth
 * Level 3.7 Shields
 + Level 5.8 Translocations


You had 6 spell levels left.
You knew the following spells:

 Your Spells              Type           Power      Damage    Failure   Level
a - Blink                 Tloc           N/A        N/A       17%         2

Your spell library contained the following spells:

 Spells                   Type           Power      Damage    Failure   Level
 Lesser Beckoning         Tloc           8%         N/A       32%         3
 Manifold Assault         Tloc           16%        N/A       97%         5
 Ozocubu's Armour         Ice            0%         N/A       98%         3
 Ozocubu's Refrigeration  Ice            0%         4d5       100%        7


Dungeon Overview and Level Annotations

Branches:
Dungeon (6/15)             Temple (1/1) D:5

Altars:
Ashenzari
Cheibriados
Dithmenos
Elyvilon
Fedhas
Gozag
Hepliaklqana
Kikubaaqudgha
Makhleb
Nemelex Xobeh
Okawaru
Qazlal
Ru
Trog
Uskayaw
Vehumet
Wu Jian
Xom
Zin
The Shining One

Shops:
D:6 [!


Innate Abilities, Weirdness & Mutations

You cannot wear most types of armour.
You are amphibious.
You can wear up to eight rings at the same time.
Your skin changes colour to match your surroundings (Stealth+).
Your rubbery body absorbs attacks. (AC +1, EV +1)
((You are camouflaged near water. (Stealth+)))
You have tentacles for arms and can constrict up to eight enemies at once.


Message History

You squeeze the orc wizard!
The orc wizard is severely wounded.
You constrict the orc wizard. You block the orc wizard's attack.
You hit the orc wizard. Your squeeze misses the orc wizard.
The orc wizard is almost dead.
You constrict the orc wizard. You block the gnoll's attack.
You hit the orc wizard.
You kill the orc wizard!
Okawaru accepts your kill.
Things that are here:
a +0 club; a curare-tipped dart The orc wizard mumbles some strange words.
The orc wizard flickers and vanishes!
Deactivating autopickup; reactivate with Ctrl-A.
There is an open gate here.
Things that are here:
a +0 whip; a +0 robe The centaur wields a +0 shortbow.
The centaur shoots an arrow.
The arrow barely misses you.
Casting: Blink (safe; 17% risk of failure)
Confirm with . or Enter, or press ? or * to list all spells.
You blink.
The centaur shoots an arrow.
The arrow hits you!
* * * LOW HITPOINT WARNING * * *
The centaur unwields a +0 shortbow.
You block the centaur's attack. x3
The centaur kicks you.
* * * LOW HITPOINT WARNING * * *
Casting: Blink (safe; 17% risk of failure)
Confirm with . or Enter, or press ? or * to list all spells.
You miscast Blink.
You are very lightly contaminated with residual magic.
Nothing appears to happen.
The centaur hits you but does no damage.
The centaur kicks you.
* * * LOW HITPOINT WARNING * * *
Casting: Blink (safe; 17% risk of failure)
Confirm with . or Enter, or press ? or * to list all spells.
You blink.
The centaur wields a +0 shortbow.
The centaur shoots an arrow.
The arrow hits you!
You die...

.K #..)# ♣.♣..# $KK. #.>.###
#♣....# .... #.).#P♣♣♣.♣...#
##### ##''K#PP......##
###♣♣♣^.P♣♣♣♣)..K♣.g.♣....#
♣♣♣.♣P♣P.)PP♣P.....{P♣g.....#
...♣P.P.P..P♣P♣P.....P.P....##
..P.P......P.P.†.....c§....##
................@......#####
##....##)##..###.....###
...............)......>.
.........#######.....#.#
.........#############.#
..............####
..............)..#
..............##'## #.#
########......#[..# #.#


You could see a kobold brigand, a centaur, a gnoll, a hobgoblin and a kobold.

Vanquished Creatures
  Sigmund (D:4)
  Edmund (D:4)
  A water moccasin (D:5)
  A black bear (D:4)
  3 necrophages
  A sky beast (D:5)
  A hornet zombie (D:4)
  An ogre (D:4)
  2 centaurs
  A phantom (D:5)
  A kobold brigand (D:6)
  A scorpion (D:5)
  A water moccasin zombie (D:6)
  A howler monkey (D:6)
  3 hounds
  A bullfrog zombie (D:5)
  A gnoll shaman (D:6)
  An iguana (D:6)
  3 orc wizards
  A howler monkey skeleton (D:5)
  2 adders
  A gnoll (D:6)
  2 ufetubi
  An adder zombie (D:5)
  2 worms
  3 dart slugs
  6 orcs
  2 bats (D:1)
  7 endoplasms
  2 giant cockroaches
  2 goblins
  6 hobgoblins
  23 jackals
  A quokka (D:1)
  9 ball pythons
  3 frilled lizards
  12 kobolds
  6 rats
117 creatures vanquished.

Vanquished Creatures (others)
  20 plants
20 creatures vanquished.

Grand Total: 137 creatures vanquished

Notes
Turn   | Place    | Note
-------+----------+-------------------------------------------
     0 | D:1      | Think the Octopode Fighter began the quest for the Orb.
     0 | D:1      | Reached XP level 1. HP: 16/16 MP: 1/1
   142 | D:1      | Reached XP level 2. HP: 21/21 MP: 2/2
   748 | D:1      | Reached skill level 3 in Short Blades
   761 | D:1      | Reached XP level 3. HP: 26/26 MP: 3/3
   764 | D:1      | Learned a level 2 spell: Blink
  1148 | D:2      | Reached skill level 1 in Translocations
  1401 | D:2      | Reached XP level 4. HP: 31/31 MP: 4/4
  1728 | D:3      | Found a faded altar of an unknown god.
  1789 | D:3      | Became a worshipper of the Shining One
  1789 | D:3      | Reached * piety under the Shining One
  1916 | D:3      | Noticed a centaur
  1926 | D:3      | Killed a centaur
  1927 | D:3      | Reached skill level 4 in Short Blades
  1927 | D:3      | Reached XP level 5. HP: 20/36 MP: 5/5
  2445 | D:3      | Found a sacrificial altar of Ru.
  2607 | D:4      | Reached XP level 6. HP: 17/42 MP: 6/6
  2608 | D:4      | Reached skill level 5 in Short Blades
  2919 | D:4      | Noticed a necrophage
  2925 | D:4      | Killed a necrophage
  3012 | D:4      | Noticed Sigmund
  3038 | D:4      | Killed Sigmund
  3039 | D:4      | Reached skill level 6 in Short Blades
  3039 | D:4      | Reached XP level 7. HP: 27/46 MP: 7/7
  3176 | D:4      | Noticed Edmund
  3213 | D:4      | HP: 1/46 [Edmund (11)]
  3214 | D:4      | Killed Edmund
  3658 | D:4      | Found a blossoming altar of Fedhas.
  3835 | D:4      | Reached skill level 7 in Short Blades
  4089 | D:4      | Reached XP level 8. HP: 49/52 MP: 8/8
  4563 | D:5      | Entered Level 5 of the Dungeon
  4599 | D:5      | Reached skill level 8 in Short Blades
  4608 | D:5      | Found a staircase to the Ecumenical Temple.
  4642 | Temple   | Entered the Ecumenical Temple
  4912 | Temple   | Fell from the grace of the Shining One
  4912 | Temple   | Became a worshipper of Warmaster Okawaru
  5212 | D:5      | Reached * piety under Okawaru
  5261 | D:5      | Reached skill level 9 in Short Blades
  5261 | D:5      | Reached skill level 5 in Translocations
  5699 | D:6      | Found Rot Qiv's Armour Boutique.
  5768 | D:6      | Reached XP level 9. HP: 53/57 MP: 9/9
  5791 | D:6      | Found Rahomok's Distillery.
  5969 | D:6      | Reached skill level 1 in Stealth
  6135 | D:6      | Shot with an arrow by a centaur

Illustrated notes

Levels and vault maps discovered:
D:1:      mushboom_english_gardens, layout_loops_ring, minmay_tripent
D:2:      cheibrodos_greedy_goblins, layout_rooms, kennysheep_potato
D:3:      minmay_diamond_boxcup, layout_basic, marbit_many_paths,
          shapermc_ecumenical_altar_starsandcircs, minmay_misc_feat_diagonals
D:4:      layout_gridville, fedhas_altar_fruit_tree, serial_rivers,
          chequers_serial_rivers_micro_d, chequers_serial_rivers_marsh,
          chequers_serial_rivers_micro_b, chequers_serial_rivers_room_b,
          sigmund_edmund_badplayer
D:5:      layout_rooms, minmay_temple_entry_crystal_x, uniq_sigmund
D:6:      kennysheep_housing_project, layout_basic, serial_shops, shop, shop,
          uniq_maggie
Temple:   hc_temple_tempest_star

Skill      XL: |  1  2  3  4  5  6  7  8  9 |
---------------+----------------------------+-----
Short Blades   | 3 4 6 7 9 |  9.6
Translocations | 1 2 3 4 5 |  5.8
Stealth        | 1 |  1.9
Fighting       | |  3.2
Dodging        | |  3.1
Shields        | |  3.7

Action                   |  1- 3 |  4- 6 |  7- 9 || total
-------------------------+-------+-------+-------++-------
Melee: Rapier            |    75 |    71 |    75 ||   221
       Constrict         |    25 |    13 |    38 ||    76
       Tentacles         |    15 |    10 |    44 ||    69
       Unarmed           |       |     2 |       ||     2
       Dagger            |       |       |   144 ||   144
 Cast: Blink             |       |       |     3 ||     3
  Use: Scroll            |       |     1 |     2 ||     3
       Potion            |       |     4 |     3 ||     7
 Stab: Sleeping          |     7 |     3 |       ||    10
Armor: Skin              |     4 |    10 |    13 ||    27
Dodge: Dodged            |    26 |    29 |    34 ||    89
Block: Kite shield       |    40 |    51 |   119 ||   210
       Reflection        |       |     1 |       ||     1
       Other             |       |     2 |       ||     2

Table legend: (Time is in decaauts)
 A = Elapsed time spent in this place.
 B = Non-inter-level travel time spent in this place.
 C = Inter-level travel time spent in this place.
 D = Time resting spent in this place.
 E = Time spent auto-exploring this place.
 F = Levels seen in this place.
 G = Mean time per level.
                   A        B        C        D        E       F      G
               +--------+--------+--------+--------+--------+-----+--------+
         Total |   6127 |   5973 |    154 |   1221 |   3947 |   7 |  875.3 |
       Dungeon |   5849 |   5717 |    132 |   1221 |   3693 |   6 |  974.8 |
        Temple |    277 |    255 |     22 |      0 |    254 |   1 |  277.0 |
               +--------+--------+--------+--------+--------+-----+--------+

Top non-repeatable levels by time:
     D:4: 1987 daAuts
     D:3: 1060 daAuts
     D:1: 1043 daAuts
     D:5: 648 daAuts
     D:6: 593 daAuts
     D:2: 516 daAuts
  Temple: 277 daAuts
